 Dungeon Sprint DCSS version 0.22-a0-81-g7478db5 (webtiles) character file.

4611 Kidiri the Covert (level 10, -17/52 HPs)
             Began as a Spriggan Enchanter on Jan 18, 2018.
             Was a High Priest of Dithmenos.
             Demolished by an alligator snapping turtle (47 damage)
             ... in the Dungeon (Sprint VII: "The Pits").
             The game lasted 00:06:48 (1891 turns).

Kidiri the Covert (Spriggan Enchanter)              Turns: 1891, Time: 00:06:49

Health: -17/52     AC:  2    Str:  4    XL:     10   Next: 19%
Magic:  12/26      EV: 35    Int: 18    God:    Dithmenos [*****.]
Gold:   0          SH:  0    Dex: 22    Spells: 20/32 levels left

rFire    . . .     SeeInvis +   a - +2 rapier (drain)
rCold    . . .     Gourm    .   (shield restricted)
rNeg     . . .     Faith    .   b - +0 robe
rPois    .         Spirit   .   (helmet restricted)
rElec    .         Reflect  .   (no cloak)
rCorr    .         Harm     .   (gloves unavailable)
MR       +....     NoTele   +   (boots unavailable)
Stlth    ++++++++++             (no amulet)
HPRegen  0.00/turn              o - +3 ring of dexterity
MPRegen  0.20/turn              p - +3 ring of evasion

@: non-regenerating, badly diseased, wreathed by umbra, very quick
A: very small, unfitting armour, see invisible, herbivore, speed 3, slow
metabolism 2
a: Shadow Step, Shadow Form, Renounce Religion


You were in the Dungeon.
You worshipped Dithmenos.
Dithmenos was extremely pleased with you.
You were not hungry.

You visited 1 branch

Inventory:

Hand Weapons
 a - a +2 rapier of draining (weapon)
Armour
 b - a +0 robe (worn)
Jewellery
 o - a +3 ring of dexterity (left hand)
 p - a +3 ring of evasion (right hand)
Scrolls
 j - a scroll of blinking
 l - 3 scrolls of remove curse
 m - 5 scrolls of amnesia
 n - a scroll of summoning
Potions
 e - 7 potions of curing
 f - 10 potions of heal wounds
 g - 2 potions of haste
 h - 3 potions of magic
 i - 4 potions of berserk rage
 k - 2 potions of invisibility
 q - a potion of agility
 r - a potion of resistance
Books
 c - a book of Maledictions

   Spells                             Type                      Level
   a - Corona                         Hexes                        1
   b - Ensorcelled Hibernation        Hexes/Ice                    2
   c - Confuse                        Hexes                        3
   d - Tukima's Dance                 Hexes                        3
   e - Dazzling Spray                 Conjuration/Hexes            3
Comestibles
 d - 9 rations


   Skills:
 + Level 5.6 Fighting
 * Level 10.5 Short Blades
 + Level 5.2 Armour
 * Level 13.4 Dodging
 * Level 14.7 Stealth
 * Level 11.9 Spellcasting
 + Level 9.0 Hexes
 + Level 5.2 Ice Magic
 + Level 6.5 Invocations


You had 20 spell levels left.
You knew the following spells:

 Your Spells              Type           Power        Failure   Level  Hunger
a - Corona                Hex            #####..      1%          1    None
b - Ensorcelled Hibernat  Hex/Ice        #####.       1%          2    None
c - Confuse               Hex            #####...     1%          3    None
d - Tukima's Dance        Hex            #####...     1%          3    None
e - Dazzling Spray        Conj/Hex       ####..       3%          3    None


Dungeon Overview and Level Annotations

Branches:
Dungeon (1/1)

Altars:
Ashenzari
Cheibriados
Dithmenos
Elyvilon
Fedhas
Gozag
Hepliaklqana
Kikubaaqudgha
Makhleb
Nemelex Xobeh
Okawaru
Qazlal
Ru
Sif Muna
Trog
Uskayaw
Vehumet
Wu Jian
Xom
Yredelemnul
Zin
The Shining One
Beogh
Jiyva
Lugonu

Annotations:
D exclusions: 4 doors and 4 more exclusions


Innate Abilities, Weirdness & Mutations

You are very small and have problems with some larger weapons.
You are too small for most types of armour.
You have supernaturally acute eyesight. (SInv)
You are a herbivore.
You cover ground extremely quickly.
You need consume almost no food.


Message History

A rime drake, a wandering mushroom and a big kobold come into view.
The helpless alligator snapping turtle fails to defend itself.
You perforate the alligator snapping turtle like a sieve!!!!
The alligator snapping turtle is severely wounded.
Your shadow hits the alligator snapping turtle but does no damage.
The alligator snapping turtle bites you!!!
Ouch! That really hurt!
* * * LOW HITPOINT WARNING * * *
You emit a cloud of dark smoke.
You feel much better.
Unknown command.
Casting: Ensorcelled Hibernation
Confirm with . or Enter, or press ? or * to list all spells.
Aiming: Ensorcelled Hibernation
Press: ? - help, Shift-Dir - straight line, f/p - alligator snapping turtle
Aim: an alligator snapping turtle (black smoke, severely wounded, umbra, chance to defeat MR: 29%)
The alligator snapping turtle easily resists.
The alligator snapping turtle bites you!!!
Ouch! That really hurt!
You die...

........# #''######
#''############## #####
#......#...'....###.).#
#....###.%.###...#...#
#...##.'...+ #.....##
#..##..##+## ##§§.##
#..#..##...## +§§.#
#..#..#.....# #@§§#
#..'..+.....+ +§t§+
#..#..#.....# #§§§#
#..#..##..%## +...#
#%.##..##+## #...#
#...##.+...+ ..f..
#...%###...# ..#...
#%....)#...+ .###.kK
############


You could see an alligator snapping turtle.

Vanquished Creatures
  A hydra (D)
  A phantasmal warrior (D)
  A deep elf mage (D)
  A merfolk siren (D)
  A guardian mummy (D)
  A merfolk (D)
  A tyrant leech (D)
  4 blink frogs (D)
  A bog body (D)
  2 flying skulls (D)
  A wyvern (D)
  A small abomination (D)
  A water moccasin (D)
  A black bear (D)
  A necrophage (D)
  A crocodile (D)
  A bullfrog (D)
  A big kobold (D)
  3 wights (D)
  2 iguanas (D)
  A river rat (D)
  A white imp (D)
  An ufetubus (D)
  An adder zombie (D)
  An orc (D)
  A hobgoblin (D)
  4 jackals (D)
  A quokka (D)
  2 ball pythons (D)
  A bat (D)
  A frilled lizard (D)
  2 rats (D)
44 creatures vanquished.

Notes
Turn   | Place    | Note
-------+----------+-------------------------------------------
     0 | D        | Kidiri the Spriggan Enchanter began the quest for the Orb.
     0 | D        | Reached XP level 1. HP: 9/9 MP: 5/5
    63 | D        | Found a bloodstained altar of Trog.
    63 | D        | Found a deep blue altar of Sif Muna.
    63 | D        | Found a viscous altar of Jiyva.
    63 | D        | Found a hazy altar of Hepliaklqana.
    63 | D        | Found an opulent altar of Gozag.
    64 | D        | Found a glowing golden altar of the Shining One.
    64 | D        | Found a glowing silver altar of Zin.
    64 | D        | Found a basalt altar of Yredelemnul.
    64 | D        | Found a shimmering altar of Xom.
    64 | D        | Found an ornate altar of the Wu Jian Council.
    64 | D        | Found a sacrificial altar of Ru.
    64 | D        | Found a stormy altar of Qazlal.
    64 | D        | Found an iron altar of Okawaru.
    64 | D        | Found a sparkling altar of Nemelex Xobeh.
    64 | D        | Found a burning altar of Makhleb.
    64 | D        | Found a blossoming altar of Fedhas.
    64 | D        | Found a white marble altar of Elyvilon.
    64 | D        | Found a shadowy altar of Dithmenos.
    64 | D        | Found a snail-covered altar of Cheibriados.
    66 | D        | Found a radiant altar of Vehumet.
    66 | D        | Found a corrupted altar of Lugonu.
    66 | D        | Found a roughly hewn altar of Beogh.
    67 | D        | Found a hide-covered altar of Uskayaw.
    67 | D        | Found an ancient bone altar of Kikubaaqudgha.
    67 | D        | Found a shattered altar of Ashenzari.
    74 | D        | Became a worshipper of Dithmenos the Shadowed
    99 | D        | Reached skill level 5 in Stealth
   209 | D        | Reached * piety under Dithmenos
   209 | D        | Reached XP level 2. HP: 14/14 MP: 7/7
   226 | D        | Reached ** piety under Dithmenos
   233 | D        | Learned a level 2 spell: Ensorcelled Hibernation
   239 | D        | Reached skill level 1 in Invocations
   354 | D        | Reached skill level 1 in Fighting
   354 | D        | Reached skill level 1 in Armour
   354 | D        | Reached skill level 6 in Stealth
   354 | D        | Reached XP level 3. HP: 5/18 MP: 1/9
   376 | D        | Learned a level 3 spell: Confuse
   380 | D        | Learned a level 3 spell: Tukima's Dance
   387 | D        | Reached *** piety under Dithmenos
   651 | D        | Reached skill level 5 in Dodging
   866 | D        | Noticed a necrophage
   867 | D        | Noticed a flying skull
   885 | D        | Killed a flying skull
   885 | D        | Reached skill level 5 in Short Blades
   885 | D        | Reached skill level 8 in Stealth
   885 | D        | Reached skill level 5 in Hexes
   885 | D        | Reached XP level 4. HP: 23/23 MP: 1/13
   885 | D        | Reached XP level 5. HP: 26/26 MP: 1/14
   887 | D        | Reached **** piety under Dithmenos
   947 | D        | Killed a necrophage
   947 | D        | Reached skill level 9 in Stealth
   947 | D        | Reached XP level 6. HP: 9/31 MP: 1/16
  1166 | D        | Learned a level 3 spell: Dazzling Spray
  1190 | D        | Noticed a wyvern
  1195 | D        | Killed a wyvern
  1195 | D        | Reached ***** piety under Dithmenos
  1195 | D        | Reached skill level 10 in Stealth
  1195 | D        | Reached XP level 7. HP: 17/35 MP: 14/19
  1506 | D        | Noticed a merfolk
  1506 | D        | Noticed a phantasmal warrior
  1508 | D        | Killed a phantasmal warrior
  1508 | D        | Reached skill level 10 in Dodging
  1508 | D        | Reached skill level 11 in Stealth
  1508 | D        | Reached XP level 8. HP: 41/41 MP: 16/22
  1510 | D        | Killed a merfolk
  1622 | D        | Noticed a blink frog
  1623 | D        | Reached skill level 12 in Stealth
  1627 | D        | Noticed a blink frog
  1627 | D        | Noticed a blink frog
  1627 | D        | Noticed a blink frog
  1627 | D        | Noticed a deep elf mage
  1628 | D        | Killed a blink frog
  1629 | D        | Killed a blink frog
  1629 | D        | Reached skill level 10 in Spellcasting
  1629 | D        | Reached skill level 5 in Invocations
  1631 | D        | Killed a deep elf mage
  1631 | D        | Reached skill level 13 in Stealth
  1631 | D        | Reached XP level 9. HP: 45/45 MP: 11/24
  1632 | D        | Reached ****** piety under Dithmenos
  1708 | D        | Reached skill level 5 in Fighting
  1841 | D        | Noticed a tyrant leech
  1845 | D        | Killed a tyrant leech
  1845 | D        | Reached skill level 14 in Stealth
  1882 | D        | Noticed a six-headed hydra
  1883 | D        | Noticed a merfolk siren
  1883 | D        | Noticed a guardian mummy
  1883 | D        | Noticed an alligator snapping turtle
  1884 | D        | Killed a six-headed hydra
  1884 | D        | Reached skill level 10 in Short Blades
  1884 | D        | Reached skill level 5 in Armour
  1884 | D        | Reached skill level 5 in Ice Magic
  1884 | D        | Reached XP level 10. HP: 50/50 MP: 21/26
  1887 | D        | Killed a merfolk siren
  1891 | D        | Demolished by an alligator snapping turtle

Vault maps used:
D:        pitsprint

Skill      XL: |  1  2  3  4  5  6  7  8  9 10 |
---------------+-------------------------------+-----
Stealth        | 5 6 8 9 10 11 13 14 | 14.7
Spellcasting   | 3 4 6 7 9 10 11 | 11.9
Short Blades   | 2 3 5 6 7 9 10 | 10.5
Hexes          | 4 5 6 7 8 9 |  9.0
Dodging        | 4 7 8 10 11 13 | 13.4
Invocations    | 1 2 3 4 5 6 |  6.5
Fighting       | 1 2 3 4 5 |  5.6
Armour         | 1 2 3 4 5 |  5.2
Ice Magic      | 2 3 4 5 |  5.2

Action                   |  1- 3 |  4- 6 |  7- 9 | 10-12 || total
-------------------------+-------+-------+-------+-------++-------
Melee: Dagger            |    52 |    43 |     7 |       ||   102
       Rapier            |       |       |    16 |     3 ||    19
 Cast: Corona            |     8 |       |       |       ||     8
       Ensorcelled Hiber |     9 |     2 |     1 |     1 ||    13
       Confuse           |     4 |     2 |     2 |       ||     8
       Dazzling Spray    |       |       |     4 |       ||     4
Invok: Shadow Step       |       |       |    10 |     2 ||    12
  Use: Potion            |     2 |       |       |     1 ||     3
 Stab: Sleeping          |     5 |     3 |    17 |     3 ||    28
       Confused          |     2 |       |     1 |       ||     3
       Invisible         |       |       |     2 |       ||     2
Armor: Robe              |     2 |       |       |       ||     2
Dodge: Dodged            |    61 |    23 |    13 |       ||    97

Table legend:
 A = Spawn XP
 B = Non-spawn XP
 C = Spawn XP percentage of total XP
 D = Spawn monster count
 E = Non-spawn monster count
 F = Spawn count percentage of total count
 G = Total turns spent on level
                    A         B        C        D         E        F      G
               +---------+---------+-------+---------+---------+-------+---------
         Total |       0 |    6588 |   0.0 |       0 |      44 |   0.0 |  1891
               +---------+---------+-------+---------+---------+-------+---------
             D |       0 |    6588 |   0.0 |       0 |      44 |   0.0 |  1891
               +---------+---------+-------+---------+---------+-------+---------
